 Dungeon Crawl Stone Soup version 0.18.1-48-g4cf74bf (webtiles) character file.

140615 kobby the Demonic Cataclysm (level 16, -6/120 HPs)
             Began as a Demonspawn Fighter on July 10, 2016.
             Was a High Priest of Qazlal.
             Engulfed by a ghost crab's spectral mist (9 damage)
             ... on level 3 of the Swamp.
             The game lasted 02:17:18 (32754 turns).

kobby the Demonic Cataclysm (Demonspawn Fighter)   Turns: 32754, Time: 02:17:20

Health: -6/120     AC: 21    Str: 19      XL:     16   Next: 76%
Magic:  19/26      EV:  9    Int: 17      God:    Qazlal [*****.]
Gold:   1054       SH: 32    Dex: 15 (18) Spells: 3 memorised, 29 levels left

rFire  . . .     SeeInvis .     i - +4 double sword of the Solstice {slice, +Fly rF+ rC+ Stlth+}
rCold  + + .     Gourm    .     P - +0 chain mail of Inviolability {rPois Stlth+}
rNeg   + . .     Faith    .     H - +1 large shield {reflect}
rPois  +         Spirit   .     (helmet restricted)
rElec  +         Dismiss  .     k - +1 cloak
rCorr  .         Reflect  +     w - +1 pair of gloves "Botairiula" {+Fly rElec Int-2}
SustAt .         Harm     .     U - +2 pair of boots {run}
MR     +....                    C - +3 amulet of reflection
Stlth  +.........               R - ring of Ehu Wumm {Ice rPois MR- Int+8 Dex+2}
                                j - ring of protection from magic

@: protected from physical damage, very slightly contaminated, repel missiles,
quick, somewhat resistant to hostile enchantments, very unstealthy
A: horns 2, large bone plates 2, deformed body, deterioration 2, low mp 1,
negative energy resistance 1, nightstalker 2, powered by pain 1, screaming 1
a: Upheaval, Elemental Force, Disaster Area, Renounce Religion, Evoke Flight


You were on level 3 of the Swamp.
You worshipped Qazlal.
Qazlal was extremely pleased with you.
You were not hungry.

You visited 6 branches of the dungeon, and saw 30 of its levels.
You also visited: Labyrinth.

You collected 2025 gold pieces.
You spent 971 gold pieces at shops.

Inventory:

Hand Weapons
 e - a +2 spear of flaming
 i - the +4 double sword of the Solstice (weapon) {slice, +Fly rF+ rC+ Stlth+}
   (You acquired it on level 14 of the Dungeon)

   It inflicts extra damage upon your enemies.
   It protects you from fire.
   It protects you from cold.
   It lets you fly.
   It makes you more stealthy.
 l - the cursed +1 longbow of Action {flame, +Blink rF+ rC+}
   (You bought it in a shop on level 2 of the Orcish Mines)

   It causes projectiles fired from it to burn those they strike, causing extra
   injury to most foes and up to half again as much damage against particularly
   susceptible opponents.
   It protects you from fire.
   It protects you from cold.
   It lets you blink.
   It has a curse placed upon it.
 t - a +7 long sword of venom
 S - the +3 flail of Suicidal Tendencies {speed, Str+4 Int-2}
   (You took it off a kobold demonologist on level 13 of the Dungeon)

   Attacks with this weapon are significantly faster.
   It affects your strength (+4).
   It affects your intelligence (-2).
Armour
 k - a +1 cloak (worn)
 n - the +0 robe of the Known World {*Confuse rN+ Regen+ rCorr, unknown}
   (You found it on level 1 of the Snake Pit)

   It protects you from negative energy.
   It increases your rate of regeneration.
   It protects you from acid and corrosion.
   It may confuse you when you take damage.
 r - the +2 ring mail "Oxut Jida" {rC+ Int+4}
   (You found it on level 1 of the Snake Pit)

   It affects your intelligence (+4).
   It protects you from cold.
 w - the +1 pair of gloves "Botairiula" (worn) {+Fly rElec Int-2}
   (You bought it in a shop on level 8 of the Dungeon)

   It affects your intelligence (-2).
   It insulates you from electricity.
   It lets you fly.
 B - a swamp dragon hide
 H - a +1 large shield of reflection (worn)
 P - the +0 chain mail of Inviolability (worn) {rPois Stlth+}
   (You bought it in a shop on level 2 of the Orcish Mines)

   It protects you from poison.
   It makes you more stealthy.
 U - a +2 pair of boots of running (worn)
Jewellery
 a - a +5 ring of dexterity
 j - a ring of protection from magic (left hand)
 p - an uncursed amulet of the gourmand
 y - an uncursed ring of sustain attributes
 C - a +3 amulet of reflection (around neck)
 D - the ring of Saoze {*Corrode rPois MR++ Dex+6}
   (You took it off a minotaur in a labyrinth)

   [ring of poison resistance]

   It affects your dexterity (+6).
   It protects you from poison.
   It affects your resistance to hostile enchantments.
   It may corrode you when you take damage.
 J - a +4 ring of protection
 M - an uncursed ring of protection from cold
 N - an uncursed ring of see invisible
 O - an uncursed ring of protection from cold
 R - the ring of Ehu Wumm (right hand) {Ice rPois MR- Int+8 Dex+2}
   (You found it in a labyrinth)

   [ring of ice]

   It enhances your ice magic, and weakens your fire magic.
   It affects your intelligence (+8).
   It affects your dexterity (+2).
   It makes you vulnerable to fire.
   It protects you from cold.
   It protects you from poison.
   It affects your resistance to hostile enchantments.
 T - an uncursed ring of stealth {unknown}
 Y - a +5 ring of evasion {unknown}
Wands
 g - a wand of digging (1/24)
 q - a wand of teleportation (3/9)
 s - a wand of flame (11/48)
 u - a wand of slowing (20/48)
 G - a wand of enslavement (14/24)
 K - a wand of hasting (0/9)
 X - a wand of paralysis (6/24)
Scrolls
 c - 2 scrolls of summoning
 x - 4 scrolls of fear
 z - 7 scrolls of remove curse
 E - 5 scrolls of teleportation
 V - a scroll of blinking
 W - a scroll of amnesia
 Z - a scroll of magic mapping
Potions
 b - a potion of cancellation
 d - a potion of might
 h - 4 potions of curing
 m - a potion of resistance
 o - a potion of haste
 v - 3 potions of invisibility
 A - a potion of brilliance
 F - 2 potions of ambrosia
 I - 4 potions of flight
Books
 L - a book of Callings

   Spells                             Type                      Level
   a - Summon Small Mammal            Summoning                    1
   b - Call Imp                       Summoning                    2
   c - Call Canine Familiar           Summoning                    3
   d - Summon Guardian Golem          Hexes/Summoning              3
   e - Summon Lightning Spire         Summoning/Air                4
   f - Summon Ice Beast               Ice/Summoning                4
Comestibles
 f - 8 bread rations
 Q - 2 meat rations


   Skills:
 + Level 9.2 Fighting
 * Level 13.5 Long Blades
   Level 3.1 Axes
 + Level 0.1(1.8) Polearms
 + Level 9.1 Armour
 + Level 6.5 Dodging
 - Level 0.2 Stealth
 + Level 13.6 Shields
 * Level 9.0 Spellcasting
 - Level 6.1 Conjurations
 * Level 7.0 Summonings
 + Level 1.1 Air Magic
 * Level 14.3 Invocations
 + Level 1.2 Evocations


You had 29 spell levels left.
You knew the following spells:

 Your Spells              Type           Power        Failure   Level  Hunger
a - Shock                 Conj/Air       ###.         85%         1    None
b - Call Imp              Summ           ####....     34%         2    None
c - Summon Small Mammal   Summ           ####         21%         1    None


Dungeon Overview and Level Annotations

Branches:
Dungeon (14/15)            Temple (1/1) D:4            Lair (8/8) D:10
  Swamp (3/4) Lair:4        Snake (2/4) Lair:5        Slime (0/6) Lair:7
    Orc (2/2) D:10            Elf (0/3) Orc:2        Vaults (0/5) D:13

Altars:
Ashenzari
Cheibriados
Dithmenos
Elyvilon
Fedhas
Gozag
Kikubaaqudgha
Makhleb
Nemelex Xobeh
Okawaru
Pakellas
Qazlal
Ru
Sif Muna
Trog
Vehumet
Xom
Yredelemnul
Zin
The Shining One

Shops:
D:6 *   D:8 *[%*   D:9 [   D:11 }   D:12 ?   Orc:1 [   Orc:2 :[(*

Annotations:
Lair:1 exclusion: 2 oklob plants


Innate Abilities, Weirdness & Mutations

You have a pair of horns on your head.
You are mostly covered in large bone plates (AC +3, SH +3).
You resist negative energy.
You are significantly more attuned to the shadows.
You sometimes gain a little power by taking damage.
Armour fits poorly on your strangely shaped body.
Your body often deteriorates upon taking damage.
Your magical capacity is low (-10% MP).
You occasionally shout uncontrollably at your foes.


Message History

You block the ghost crab's attack.
The ghost crab claws you but does no damage.
Nature churns violently around you!
The blast of rubble hits the spectral giant leech.
The spectral giant leech is lightly damaged.
The blast of magma engulfs the spectral giant leech.
The spectral giant leech is moderately damaged.
The blast of magma engulfs the ghost crab.
The ghost crab is heavily damaged.
The cutting wind hits the spectral giant leech.
The spectral giant leech gets badly buffeted.
The spectral giant leech is almost destroyed.
The blast of ice hits the spectral giant leech.
The spectral giant leech partially resists.
The spectral giant leech is almost destroyed.
The spectral giant leech is flash-frozen.
The blast of rubble hits the spectral giant leech.
You destroy the spectral giant leech!
You are engulfed in spectral mist.
You die...

♣§♣
♣§♣
♣§♣
♣§♣
♣≈♣
♣.♣
♣Z♣
♣t♣
♣@♣
♣§♣
♣§♣
♣§§
♣§§
♣§§♣


You could see a ghost crab and a spectral giant leech.

Vanquished Creatures
  A Tzitzimitl (Snake:1)
  Rupert (Lair:7)
  2 thorn hunters
  Kirke (Swamp:1)
  An orc warlord (Orc:1)
  A salamander stormcaller (D:14)
  An ettin (D:13)
  A minotaur (Lab)
  Harold (Orc:1)
  Fannar (D:10)
  8 hydras
  An ogre mage (D:14)
  A catoblepas (Lair:6)
  3 anacondas (Snake:1)
  3 centaur warriors
  6 alligators
  9 death yaks
  4 orc high priests
  A shock serpent (Snake:1)
  Urug (Orc:1)
  Nergalle (D:10)
  A swamp dragon (shapeshifter) (D:13)
  2 shambling mangroves
  2 naga ritualists (Snake:1)
  2 swamp dragons (Swamp:1)
  2 unseen horrors
  A spriggan druid (Swamp:1)
  4 hill giants
  A necromancer (Swamp:2)
  A harpy (shapeshifter) (D:13)
  6 mana vipers
  3 orc knights (Orc:1)
  4 orc sorcerers
  3 griffons
  2 deep elf magi (D:14)
  6 cyclopes
  4 salamanders (D:14)
  A hornet (Swamp:1)
  3 ugly things
  A centaur zombie (D:12)
  3 naga magi (Snake:1)
  21 elephants
  Joseph (Lair:1)
  22 black mambas
  A centaur skeleton (D:12)
  33 spiny frogs
  2 kobold demonologists
  A rime drake (shapeshifter) (D:13)
  7 komodo dragons
  4 rime drakes
  A hydra zombie (Swamp:2)
  A queen bee (shapeshifter) (D:13)
  7 trolls
  9 polar bears
  2 two-headed ogres (D:14)
  3 giant leeches
  17 slime creatures
  35 blink frogs
  A boulder beetle (Lair:8)
  2 bog bodies
  A centaur simulacrum (D:14)
  Eustachio (D:5)
  2 wyverns
  29 yaks
  2 wraiths (D:13)
  A hog (Swamp:2)
  10 hungry ghosts
  18 vampire mosquitoes
  2 steam dragons
  A basilisk (Lair:6)
  6 hippogriffs
  22 swamp worms
  3 insubstantial wisps
  12 nagas
  Edmund (D:5)
  3 wargs (Orc:2)
  19 water moccasins
  7 porcupines
  6 swamp drakes
  6 ice beasts
  8 wasps
  10 black bears
  A swamp dragon zombie (Swamp:2)
  A necrophage (D:9)
  35 orc warriors
  5 sky beasts
  17 ogres
  2 phantoms
  9 wolves
  18 centaurs
  11 crocodiles
  A big kobold (D:11)
  Blork the orc (D:4)
  38 giant frogs
  A water moccasin zombie (Swamp:2)
  8 scorpions
  A wyvern skeleton (D:10)
  24 killer bees
  3 wights (D:9)
  An electric eel (Lair:4)
  A howler monkey (D:11)
  6 crimson imps
  4 hounds
  A giant frog zombie (D:8)
  2 quasits
  9 jellies
  Crazy Yiuf (D:4)
  2 giant frog skeletons
  9 iguanas
  16 orc priests
  Ijyb (D:2)
  23 orc wizards
  8 worker ants
  6 hell rats (Lair:4)
  33 sheep
  A crocodile zombie (Swamp:2)
  2 human simulacra (D:12)
  A hound zombie (D:4)
  A hound skeleton (D:9)
  Robin (D:4)
  10 adders
  6 gnolls
  53 river rats
  A swamp drake zombie (Swamp:2)
  5 shadow imps
  3 oozes
  An adder skeleton (D:7)
  An adder zombie (D:8)
  5 worms
  2 dart slugs
  A giant gecko (D:4)
  74 orcs
  21 bats
  2 bat zombies (D:8)
  7 giant cockroaches
  13 goblins
  12 hobgoblins
  16 jackals
  11 kobolds
  7 quokkas
  A giant gecko skeleton (D:4)
  4 giant newts
  14 rats
  15 briar patches
  2 bushes (Lair:8)
  82 fungi
  55 plants
1170 creatures vanquished.

Vanquished Creatures (collateral kills)
  A deep troll (D:13)
1 creature vanquished.

Vanquished Creatures (others)
  A centaur warrior (D:13)
  6 naga sharpshooters
  A cyclops (D:13)
  A shadow (D:12)
  A hog (Swamp:2)
  4 humans (Swamp:2)
  A swamp worm (Swamp:2)
  A water moccasin (Lair:8)
  An orc warrior (Orc:1)
  A wasp (Swamp:3)
  An orc (Orc:1)
  3 briar patches (Swamp:1)
  27 fungi
  36 plants
85 creatures vanquished.

Grand Total: 1256 creatures vanquished

Notes
Turn   | Place    | Note
--------------------------------------------------------------
     0 | D:1      | kobby the Demonspawn Fighter began the quest for the Orb.
     0 | D:1      | Reached XP level 1. HP: 18/18 MP: 1/1
   358 | D:1      | Gained mutation: You have a pair of small horns on your head. [demonic ancestry]
   358 | D:1      | Reached XP level 2. HP: 24/24 MP: 2/2
   840 | D:2      | Reached XP level 3. HP: 27/29 MP: 3/3
   992 | D:2      | Noticed Ijyb
   995 | D:2      | Paralysed by Ijyb for 2 turns
   998 | D:2      | Killed Ijyb
   998 | D:2      | Reached skill level 1 in Dodging
   998 | D:2      | Reached XP level 4. HP: 32/35 MP: 4/4
  1793 | D:3      | Gained mutation: You are partially covered in large bone plates (AC +2, SH +2). [demonic ancestry]
  1793 | D:3      | Reached XP level 5. HP: 10/41 MP: 5/5
  2273 | D:3      | Found a sparkling altar of Nemelex Xobeh.
  2319 | D:3      | Found a sacrificial altar of Ru.
  2352 | D:3      | Found a shimmering altar of Xom.
  2414 | D:3      | Found a glowing golden altar of the Shining One.
  2744 | D:3      | Found a stormy altar of Qazlal.
  2753 | D:3      | Became a worshipper of Qazlal Stormbringer
  2880 | D:4      | Noticed Robin
  2892 | D:4      | Killed Robin
  2932 | D:4      | Noticed Blork the orc
  2939 | D:4      | Killed Blork the orc
  3122 | D:4      | Gained mutation: You sometimes gain a little power by taking damage. [demonic ancestry]
  3122 | D:4      | Reached XP level 6. HP: 48/48 MP: 6/6
  3160 | D:4      | Found a staircase to the Ecumenical Temple.
  3226 | Temple   | Entered the Ecumenical Temple
  3549 | D:4      | Reached * piety under Qazlal
  3822 | D:4      | Noticed Crazy Yiuf
  3827 | D:4      | Killed Crazy Yiuf
  3902 | D:5      | Entered Level 5 of the Dungeon
  3904 | D:5      | Reached XP level 7. HP: 47/54 MP: 7/7
  3935 | D:5      | Reached skill level 1 in Long Blades
  3935 | D:5      | Reached skill level 1 in Invocations
  4054 | D:5      | Noticed Edmund
  4062 | D:5      | Reached skill level 2 in Invocations
  4073 | D:5      | Killed Edmund
  4362 | D:5      | Noticed Eustachio
  4368 | D:5      | Killed Eustachio
  4368 | D:5      | Reached skill level 5 in Shields
  4368 | D:5      | Reached skill level 3 in Invocations
  4368 | D:5      | Reached XP level 8. HP: 61/61 MP: 10/10
  4710 | D:6      | Learned a level 1 spell: Shock
  4925 | D:6      | Found Veckep's General Store.
  4952 | D:6      | Reached skill level 4 in Invocations
  5199 | D:6      | Found a shadowy altar of Dithmenos.
  5207 | D:6      | Reached skill level 1 in Spellcasting
  5448 | D:7      | Reached skill level 5 in Invocations
  5464 | D:7      | Reached ** piety under Qazlal
  5663 | D:7      | Reached skill level 1 in Air Magic
  5675 | D:7      | Reached skill level 1 in Conjurations
  5705 | D:7      | Gained mutation: You are mostly covered in large bone plates (AC +3, SH +3). [demonic ancestry]
  5705 | D:7      | Reached XP level 9. HP: 65/66 MP: 13/13
  5845 | D:7      | Reached skill level 5 in Armour
  6070 | D:8      | Found Qounkor's Antique Armour Emporium.
  6093 | D:8      | Bought a pair of ichor-stained gloves for 285 gold pieces
  6098 | D:8      | Identified the +1 pair of gloves "Botairiula" {+Fly rElec Int-2} (You bought it in a shop on level 8 of the Dungeon)
  6255 | D:8      | Found Waaph's Food Emporium.
  6279 | D:8      | Found Feipiteh's Assorted Antiques.
  6441 | D:8      | Found Vavaxt's General Store.
  6477 | D:8      | Reached skill level 6 in Invocations
  6655 | D:8      | Reached skill level 5 in Fighting
  6674 | D:8      | Found an ancient bone altar of Kikubaaqudgha.
  6738 | D:9      | Reached skill level 5 in Long Blades
  6744 | D:9      | Reached *** piety under Qazlal
  6997 | D:9      | Noticed a troll
  7291 | D:8      | Killed a troll
  7291 | D:8      | Reached skill level 7 in Invocations
  7572 | D:9      | Gained mutation: You are slightly more attuned to the shadows. [demonic ancestry]
  7572 | D:9      | Reached XP level 10. HP: 73/74 MP: 15/15
  7688 | D:9      | Found Yfav's Armour Boutique.
  8079 | D:10     | Entered Level 10 of the Dungeon
  8298 | D:10     | Reached skill level 8 in Invocations
  8325 | D:10     | Reached **** piety under Qazlal
  8366 | D:9      | Killed an unseen horror
  8666 | D:10     | Noticed Fannar
  8684 | D:10     | Killed Fannar
  8770 | D:10     | Found a staircase to the Orcish Mines.
  9025 | D:10     | Reached XP level 11. HP: 75/81 MP: 17/17
  9186 | D:10     | Found a staircase to the Lair.
  9512 | D:11     | Reached skill level 9 in Invocations
  9551 | D:11     | Reached ***** piety under Qazlal
  9762 | D:11     | Found Kuog's Gadget Shoppe.
  9783 | D:11     | Noticed a brown ugly thing
  9794 | D:11     | Noticed a hill giant
  9795 | D:11     | Killed a brown ugly thing
  9802 | D:11     | Killed a hill giant
 10485 | D:11     | Found a blossoming altar of Fedhas.
 11083 | Lair:1   | Entered Level 1 of the Lair of Beasts
 11085 | Lair:1   | Noticed Nergalle
 11125 | D:10     | Killed Nergalle
 11561 | Lair:1   | Noticed an oklob plant
 11583 | Lair:1   | Reached skill level 10 in Invocations
 11594 | Lair:1   | Noticed a four-headed hydra
 11638 | Lair:1   | Killed a four-headed hydra
 11638 | Lair:1   | Gained mutation: You are significantly more attuned to the shadows. [demonic ancestry]
 11638 | Lair:1   | Reached XP level 12. HP: 37/89 MP: 19/19
 11648 | Lair:1   | Found a glowing golden altar of the Shining One.
 11672 | Lair:1   | Noticed Joseph
 11934 | Lair:1   | Killed Joseph
 12471 | Lair:1   | Noticed a seven-headed hydra
 12479 | Lair:1   | Killed a 12-headed hydra
 12765 | Lair:2   | Reached skill level 5 in Dodging
 13565 | Lair:3   | Reached skill level 10 in Shields
 13850 | Lair:3   | Reached skill level 11 in Invocations
 14577 | Lair:4   | Reached ****** piety under Qazlal
 14592 | Lair:4   | Reached skill level 10 in Long Blades
 14604 | Lair:4   | Found a staircase to the Swamp.
 14820 | Lair:4   | Reached skill level 5 in Spellcasting
 14837 | Lair:4   | Reached XP level 13. HP: 90/95 MP: 21/21
 15064 | Lair:4   | Found a dark tunnel.
 15381 | Lair:5   | Reached skill level 5 in Conjurations
 15432 | Lair:5   | Found a staircase to the Snake Pit.
 16679 | Lair:6   | Learned a level 2 spell: Call Imp
 17483 | Lair:6   | Reached skill level 12 in Invocations
 17486 | Lair:6   | Reached skill level 1 in Summonings
 17924 | Lair:7   | Gained mutation: You have a pair of horns on your head. [demonic ancestry]
 17924 | Lair:7   | Reached XP level 14. HP: 103/103 MP: 23/23
 18066 | Lair:7   | Noticed Rupert
 18095 | Lair:7   | Killed Rupert
 18523 | Lair:7   | Found a staircase to the Slime Pits.
 19210 | Lair:8   | Entered Level 8 of the Lair of Beasts
 20114 | Lair:8   | Gained mutation: Your spells are a little harder to cast, but a little more powerful. [potion of mutation]
 20114 | Lair:8   | Gained mutation: You have large cloven feet. [potion of mutation]
 20114 | Lair:8   | Gained mutation: You are frail (-10% HP). [potion of mutation]
 20115 | Lair:8   | Lost mutation: You have large cloven feet. [potion of cure mutation]
 20115 | Lair:8   | Lost mutation: You are frail (-10% HP). [potion of cure mutation]
 20115 | Lair:8   | Lost mutation: Your spells are a little harder to cast, but a little more powerful. [potion of cure mutation]
 20752 | Orc:1    | Entered Level 1 of the Orcish Mines
 20757 | Orc:1    | Noticed Urug
 20779 | Orc:1    | Reached skill level 1 in Evocations
 20815 | Orc:1    | Noticed Harold
 20828 | Orc:1    | Killed Harold
 20853 | Orc:1    | Found Ovat's Armour Shoppe.
 21460 | Orc:2    | Entered Level 2 of the Orcish Mines
 21467 | Orc:2    | Noticed an orc warlord
 21478 | Orc:1    | Killed an orc warlord
 22126 | Orc:1    | Gained mutation: You resist negative energy. [demonic ancestry]
 22126 | Orc:1    | Reached XP level 15. HP: 36/110 MP: 25/25
 22444 | Orc:2    | Found Ohehi's Antique Weapon Boutique.
 22453 | Orc:2    | Gained mutation: Armour fits poorly on your strangely shaped body. [a neqoxec]
 22472 | Orc:2    | Bought a transparent longbow for 161 gold pieces
 22518 | Orc:2    | Reached skill level 13 in Invocations
 22530 | Orc:2    | Found Jeychoz's Book Shoppe.
 22571 | Orc:2    | Found a staircase to the Elven Halls.
 22633 | Orc:2    | Found Anomefy's Antique Armour Shop.
 22639 | Orc:2    | Bought a shiny large shield for 85 gold pieces
 22639 | Orc:2    | Bought a runed large shield for 85 gold pieces
 22639 | Orc:2    | Bought a jacinth-encrusted chain mail for 180 gold pieces
 22672 | Orc:2    | Identified the cursed +0 chain mail of Inviolability {rPois Stlth+} (You bought it in a shop on level 2 of the Orcish Mines)
 22796 | Orc:2    | Found Tittiad's General Store.
 23098 | Orc:1    | Killed Urug
 23915 | D:12     | Learned a level 1 spell: Summon Small Mammal
 23933 | D:12     | Gained mutation: You occasionally shout uncontrollably at your foes. [mutagenic glow]
 23973 | D:12     | Gained mutation: Your body sometimes deteriorates upon taking damage. [mutagenic glow]
 23977 | D:12     | Found Camoth's Magic Scroll Boutique.
 23983 | D:12     | Bought a scroll of enchant weapon for 97 gold pieces
 23983 | D:12     | Bought a scroll of identify for 26 gold pieces
 23983 | D:12     | Bought a scroll of identify for 26 gold pieces
 23983 | D:12     | Bought a scroll of identify for 26 gold pieces
 23986 | D:12     | Identified the cursed +1 longbow of Action {flame, +Blink rF+ rC+} (You bought it in a shop on level 2 of the Orcish Mines)
 24033 | D:12     | Gained mutation: Your magical capacity is low (-10% MP). [mutagenic glow]
 24073 | D:12     | Gained mutation: Your body often deteriorates upon taking damage. [mutagenic glow]
 24249 | D:13     | Reached skill level 5 in Summonings
 24429 | D:13     | Found a gate to the Vaults.
 24815 | D:13     | Got a scorched flail {speed}
 25867 | D:14     | Found an opulent altar of Gozag.
 25890 | D:14     | Identified a scroll of acquirement
 25893 | D:14     | Got a bone double sword
 25894 | D:14     | Identified the +4 double sword of the Solstice {slice, +Fly rF+ rC+ Stlth+} (You acquired it on level 14 of the Dungeon)
 25951 | D:14     | Found a labyrinth entrance.
 25958 | Lab      | Entered a labyrinth
 26326 | Lab      | Got a twitching iron ring
 26331 | Lab      | Got a shimmering wooden ring
 26348 | D:14     | Identified the ring of Saoze {*Corrode rPois MR++ Dex+6} (You took it off a minotaur in a labyrinth)
 26350 | D:14     | Identified the ring of Ehu Wumm {Ice rPois MR- Int+8 Dex+2} (You found it in a labyrinth)
 26636 | D:14     | Identified the +3 flail of Suicidal Tendencies {speed, Str+4 Int-2} (You took it off a kobold demonologist on level 13 of the Dungeon)
 26939 | Snake:1  | Entered Level 1 of the Snake Pit
 27191 | Snake:1  | Noticed a Tzitzimitl
 27207 | Snake:1  | HP: 4/112 [Tzitzimitl/bolt of negative energy[a Zot trap] (13)]
 27209 | Snake:1  | Killed a Tzitzimitl
 27784 | Snake:1  | Got a warped robe
 27943 | Snake:1  | Reached XP level 16. HP: 118/118 MP: 25/25
 27990 | Snake:1  | Got an ichor-stained ring mail
 27991 | Snake:1  | Identified the +2 ring mail "Oxut Jida" {rC+ Int+4} (You found it on level 1 of the Snake Pit)
 28845 | Snake:1  | Identified a +2 pair of boots of running (You found it in a labyrinth)
 29758 | Swamp:1  | Entered Level 1 of the Swamp
 30089 | Swamp:1  | Noticed a thorn hunter
 30113 | Swamp:1  | Killed a thorn hunter
 30318 | Swamp:1  | Reached skill level 14 in Invocations
 30969 | Swamp:2  | Noticed a thorn hunter
 31212 | Swamp:2  | Noticed Kirke
 31226 | Swamp:1  | Killed Kirke
 31370 | Swamp:2  | Killed a thorn hunter
 32753 | Swamp:3  | HP: 3/120 [ghost crab] (10)]
 32754 | Swamp:3  | Engulfed by a ghost crab's spectral mist

Skill      XL: |  1  2  3  4  5  6  7  8  9 10 11 12 13 14 15 16 |
---------------+-------------------------------------------------+-----
Armour         | 3 4 5 6 7 8 9 |  9.1
Shields        | 3 4 5 6 8 9 10 11 12 13 | 13.6
Axes           | 2 3 |  3.1
Dodging        | 1 2 3 4 5 6 |  6.5
Fighting       | 4 5 6 7 8 9 |  9.2
Long Blades    | 2 3 5 7 8 10 11 12 13 | 13.5
Invocations    | 3 5 7 8 10 11 12 13 14 | 14.3
Spellcasting   | 1 3 5 6 7 8 9 |  9.0
Air Magic      | 1 |  1.1
Conjurations   | 1 3 4 6 |  6.1
Summonings     | 1 4 5 7 |  7.0
Evocations     | 1 |  1.2
Polearms       | |  0.1
Stealth        | |  0.2

Action                   |  1- 3 |  4- 6 |  7- 9 | 10-12 | 13-15 | 16-18 || total
-------------------------+-------+-------+-------+-------+-------+-------++-------
Melee: War axe           |    81 |   162 |       |       |       |       ||   243
       Headbutt          |    16 |    39 |    58 |   174 |   392 |   115 ||   794
       Long sword        |       |    53 |   287 |   785 |  1317 |       ||  2442
       Double sword      |       |       |       |       |   156 |   481 ||   637
       Spear             |       |       |       |       |       |    48 ||    48
 Cast: Summon Small Mamm |       |       |       |       |       |     1 ||     1
Invok: Disaster Area     |       |       |       |     1 |     9 |     3 ||    13
Evoke: Wand              |       |       |     1 |     8 |    23 |       ||    32
  Use: Potion            |       |     5 |     2 |     9 |    10 |     3 ||    29
       Scroll            |       |    11 |    13 |     7 |    17 |     9 ||    57
 Stab: Paralysed         |       |       |     5 |    18 |     5 |       ||    28
  Eat: Bread ration      |       |     2 |       |     1 |       |       ||     3
       Fruit             |       |     3 |     3 |    15 |    13 |     3 ||    37
       Meat ration       |       |       |     2 |     1 |     5 |     2 ||    10
       Royal jelly       |       |       |     1 |     2 |       |       ||     3
       Beef jerky        |       |       |     1 |       |     8 |       ||     9
       Pizza             |       |       |       |     1 |       |     1 ||     2
Armor: Scale mail        |    42 |   101 |    66 |       |       |       ||   209
       Plate armour      |       |       |    50 |   387 |   229 |       ||   666
       Chain mail        |       |       |       |       |   132 |   130 ||   262
Dodge: Dodged            |    20 |    72 |    76 |   153 |   192 |    75 ||   588
       Deflected         |       |       |       |     9 |     6 |     4 ||    19
Block: Shield            |    47 |   114 |    85 |       |       |       ||   246
       Buckler           |       |       |   142 |   895 |  1076 |       ||  2113
       Reflection        |       |       |     1 |    19 |    70 |    24 ||   114
       Large shield      |       |       |       |       |   764 |   765 ||  1529
